 Dungeon Crawl Stone Soup version 0.27-a0-1278-g6cbc8dfb29 (webtiles) character file.

Game seed: 11946155264389379420

234 pokeman the Magician (level 5, 0/29 HPs)
             Began as a Deep Elf Hedge Wizard on June 12, 2021.
             Slain by a river rat (3 damage)
             ... on level 4 of the Dungeon.
             The game lasted 00:08:06 (4638 turns).

pokeman the Magician (Deep Elf Hedge Wizard)        Turns: 4638, Time: 00:08:06

Health: 0/29       AC:  3    Str:  7    XL:     5   Next: 75%
Magic:  2/16       EV: 12    Int: 26    God:
Gold:   166        SH:  0    Dex: 14    Spells: 4/17 levels left

rFire    + . .     SeeInvis .   a - +0 dagger
rCold    . . .     Faith    .   (no shield)
rNeg     . . .     Spirit   .   p - +0 leather armour
rPois    .         Reflect  .   c - +0 hat
rElec    .         Harm     .   (no cloak)
rCorr    .         Rampage  .   (no gloves)
Will     .....                  (no boots)
Stlth    +.........             (no amulet)
HPRegen  0.09/turn              o - ring of protection from fire
MPRegen  0.15/turn              v - +6 ring of intelligence

@: very slow
A: no striking features
a: no special abilities


You were on level 4 of the Dungeon.
You visited 1 branch of the dungeon, and saw 4 of its levels.

You collected 166 gold pieces.

Inventory:

Hand Weapons
 a - a +0 dagger (weapon)
Missiles
 f - 16 bolts
 g - 90 arrows
Armour
 c - a +0 hat (worn)
 p - a +0 leather armour (worn)
Jewellery
 o - a ring of protection from fire (left hand)
 v - a +6 ring of intelligence (right hand)
Scrolls
 e - a scroll of summoning {unknown}
 i - a scroll of enchant armour {unknown}
 j - a scroll of noise {unknown}
 l - 2 scrolls of identify {unknown}
 m - a scroll of enchant weapon {unknown}
 n - a scroll of amnesia {unknown}
 q - a scroll of magic mapping {unknown}
 u - a scroll of fog {unknown}
Potions
 b - a potion of magic
 h - a potion of attraction {unknown}
 k - a potion of heal wounds {unknown}
 r - a potion of haste {unknown}
 s - 2 potions of brilliance {unknown}
 t - a potion of mutation {unknown}


   Skills:
 - Level 1.0 Fighting
 - Level 1.0 Armour
 - Level 3.0 Dodging
 - Level 3.0 Stealth
 * Level 6.5 Spellcasting
 + Level 2.8 Conjurations
 - Level 1.1 Hexes
 - Level 1.1 Summonings
 - Level 1.1 Translocations
 + Level 0.5 Fire Magic
 - Level 1.0 Air Magic
 + Level 0.0 Poison Magic


You had 4 spell levels left.
You knew the following spells:

 Your Spells              Type           Power      Damage    Failure   Level
a - Magic Dart            Conj           92%        1d7       3%          1
b - Mephitic Cloud        Conj/Pois/Air  15%        N/A       17%         3
c - Call Imp              Summ           14%        N/A       10%         2
d - Blink                 Tloc           N/A        N/A       10%         2
e - Conjure Flame         Conj/Fire      17%        6-21      14%         3
j - Slow                  Hex            14%        N/A       9%          2

Your spell library contained the following spells:

 Spells                   Type           Power      Damage    Failure   Level
 Corona                   Hex            15%        N/A       6%          1
 Ensorcelled Hibernation  Hex/Ice        22%        N/A       12%         2
 Dazzling Flash           Conj/Hex       36%        N/A       13%         3
 Confusing Touch          Hex            14%        N/A       19%         3
 Tukima's Dance           Hex            14%        N/A       19%         3


Dungeon Overview and Level Annotations

Branches:
Dungeon (4/15)
 Temple: D:4-7

Altars:

Annotations:
D:4 Duvessa


Message History

Unknown command.
Unknown command.
Your white imp gestures at the phantom.
The puff of frost misses the phantom.
The adder bites you but does no damage.
Casting: Blink (safe; 10% risk of failure)
Confirm with . or Enter, or press ? or * to list all spells.
A beastly little devil appears in a puff of flame.
The adder bites you.
* * * LOW HITPOINT WARNING * * *
Your white imp closely misses the adder.
Unknown command.
The adder bites you.
* * * LOW HITPOINT WARNING * * *
You are lethally poisoned!
The adder poisons you!
You feel better.
Your white imp gestures at the adder.
The puff of frost hits the adder.
The adder closely misses you. The phantom hits you.
The river rat bites your white imp but does no damage.
Your crimson imp closely misses the adder.
You miss the adder.
The adder is heavily wounded.
Your white imp closely misses the river rat.
The adder bites you but does no damage. The phantom hits you!
* * * LOW HITPOINT WARNING * * *
The phantom blinks!
You blink.
Splash!
You fall into the shallow water.
Moving in this stuff is going to be slow.
Your crimson imp completely misses the adder.
An orc comes into view. It is wielding a +0 club.
You hear a shout! x2
Your white imp disappears in a puff of smoke!
The river rat barely misses you. The phantom barely misses you.
An orc comes into view. It is wielding a +0 dagger.
An orc comes into view. It is wielding a +0 hand axe.
The phantom misses you. The river rat bites you.
You die...

......≈≈≈ ###
....o..≈≈##########.#
.#..oo.....#.........##
##.#..♣P...!.###........###
##.....≈≈.≈≈≈≈...##......$...
####......♣≈≈.≈≈≈≈..##....##....
#.......♣≈.≈≈≈≈≈≈P†P##>..###....
#.......P.≈≈≈≈≈≈w≈≈.##.e##.##...
##....##.PP≈≈≈≈@≈≈)♣###.........
#....)....≈≈.≈Wr≈≈....†<.###....
##.....###..P..♣..P....†.###.....
#......##...#S.§.#.......# #.....
##......##...5......###...##.....
...####.##..........##......
##...##......................
##......##..........$####.....
.....#####.......##..##.#.##..


You could see a phantom, a worm, an adder (ally target), a river rat, 3 orcs and
a friendly crimson imp (summoned).

Vanquished Creatures
  A scorpion (D:4)
  An iguana (D:3)
  5 adders
  An ufetubus (D:4)
  2 worms
  2 dart slugs (D:2)
  7 bats
  10 endoplasms
  3 giant cockroaches
  9 goblins
  4 hobgoblins
  3 jackals (D:1)
  3 quokkas
  11 ball pythons
  A frilled lizard (D:3)
  4 kobolds
  4 rats
71 creatures vanquished.

Vanquished Creatures (collateral kills)
  Dowan (D:4)
  A hobgoblin (D:4)
  2 jackals (D:4)
4 creatures vanquished.

Vanquished Creatures (others)
  5 plants (D:4)
5 creatures vanquished.

Grand Total: 80 creatures vanquished

Notes
Turn   | Place    | Note
-------+----------+-------------------------------------------
     0 | D:1      | pokeman the Deep Elf Hedge Wizard began the quest for the
                  | Orb.
     0 | D:1      | Reached XP level 1. HP: 10/10 MP: 7/7
   218 | D:1      | Reached XP level 2. HP: 4/16 MP: 1/9
   988 | D:1      | Reached skill level 5 in Spellcasting
  1481 | D:2      | Reached XP level 3. HP: 20/20 MP: 1/11
  1484 | D:2      | Learned a level 2 spell: Slow
  1487 | D:2      | Learned a level 2 spell: Blink
  1491 | D:2      | Learned a level 3 spell: Mephitic Cloud
  1494 | D:2      | Learned a level 2 spell: Call Imp
  2004 | D:2      | Reached skill level 1 in Armour
  2644 | D:2      | Reached skill level 1 in Fighting
  3062 | D:3      | Noticed a floating eye
  3089 | D:3      | Reached XP level 4. HP: 25/25 MP: 0/13
  3250 | D:3      | Noticed an eye of devastation
  3554 | D:3      | Reached skill level 1 in Hexes
  3558 | D:3      | Learned a level 3 spell: Conjure Flame
  3593 | D:3      | Found a faded altar of an unknown god.
  3594 | D:3      | Noticed a shining eye
  3603 | D:3      | Noticed a golden eye
  4022 | D:3      | Reached skill level 6 in Spellcasting
  4462 | D:4      | Noticed a phantom
  4470 | D:4      | Noticed a scorpion
  4490 | D:4      | Killed a scorpion
  4491 | D:4      | Reached skill level 1 in Air Magic
  4491 | D:4      | Reached XP level 5. HP: 3/29 MP: 2/15
  4565 | D:4      | Noticed Dowan
  4568 | D:4      | Noticed Duvessa
  4628 | D:4      | Killed Dowan
  4638 | D:4      | Slain by a river rat

Illustrated notes

Levels and vault maps discovered:
D:1:      minmay_arrival_hallway, layout_loops_ring, st_stairs_7
D:2:      layout_loops_ring
D:3:      layout_loops_ring, hellmonk_ecumenical_altar_watching_god,
          kennysheep_flooded_box, supply_closet_lemuel, patterned_corridor
D:4:      layout_cave_pools, serial_bayou, serial_bayou_pond_c,
          serial_bayou_pond_d, serial_bayou_pond_c, serial_bayou_lagoon_a,
          serial_bayou_pond_c, serial_bayou_pond_b, lightli_sewer_entry_pipes,
          minivault_26, uniq_duvessa

Skill      XL: |  1  2  3  4  5 |
---------------+----------------+-----
Spellcasting   | 5 6 |  6.5
Armour         | 1 |  1.0
Fighting       | 1 |  1.0
Conjurations   | 2 |  2.8
Hexes          | 1 |  1.1
Dodging        | 3 |  3.0
Air Magic      | 1 |  1.0
Stealth        | 3 |  3.0
Summonings     | |  1.1
Translocations | |  1.1
Fire Magic     | |  0.5

Action                   |  1- 3 |  4- 6 || total
-------------------------+-------+-------++-------
Melee: Dagger            |    14 |    24 ||    38
 Cast: Magic Dart        |   172 |    71 ||   243
       Call Imp          |       |     4 ||     4
       Mephitic Cloud    |       |     3 ||     3
       Conjure Flame     |       |     1 ||     1
       Blink             |       |     1 ||     1
  Use: Potion            |       |     3 ||     3
Armor: Robe              |     2 |       ||     2
       Leather armour    |       |    11 ||    11
Dodge: Dodged            |    30 |    63 ||    93

Table legend: (Time is in decaauts)
 A = Elapsed time spent in this place.
 B = Non-inter-level travel time spent in this place.
 C = Inter-level travel time spent in this place.
 D = Time resting spent in this place.
 E = Time spent auto-exploring this place.
 F = Levels seen in this place.
 G = Mean time per level.
                   A        B        C        D        E       F      G
               +--------+--------+--------+--------+--------+-----+--------+
         Total |   4652 |   4502 |    150 |    235 |   3534 |   4 | 1163.0 |
       Dungeon |   4652 |   4502 |    150 |    235 |   3534 |   4 | 1163.0 |
               +--------+--------+--------+--------+--------+-----+--------+

Top non-repeatable levels by time:
     D:3: 1557 daAuts
     D:1: 1496 daAuts
     D:2: 1357 daAuts
     D:4: 242 daAuts
